PIO (24 & UNDER)
JASPER COUGARS @ EAU CLAIRE ESQUIRES
06/20/2023
 
TOP OF THE 1ST
Jasper Cougars batting - Pitching for Eau Claire Esquires : RHP Nick Parks
Pitching: RHP Nick Parks
Batting: LHB Jon Scott 0-0: Ball
1-0: Ball
2-0: Fly out, F8 (Flyball, 8LS)
Batting: RHB Manuel Pérez 0-0: Called Strike
0-1: Ball
1-1: Ball
2-1: Ball
3-1: Called Strike
3-2: Strikes out swinging passed ball, reaches first!
Batting: RHB Jesús Hernández 0-0: Called Strike
0-1: Ball
1-1: Fly out, F8 (Flyball, 8RM)
Batting: SHB Ron Edwards 0-0: Foul Ball, location: 2F
0-1: Swinging Strike
0-2: Strikes out swinging
Top of the 1st over - 0 run(s), 0 hit(s), 0 error(s), 1 left on base; Jasper 0 - Eau Claire 0
BOTTOM OF THE 1ST
Eau Claire Esquires batting - Pitching for Jasper Cougars : LHP Lorenzo Sánchez
Pitching: LHP Lorenzo Sánchez
Batting: SHB Víctor Serrano 0-0: Fly out, F9 (Flyball, 89D)
Batting: LHB Michael Cook 0-0: Fly out, F7 (Line Drive, 7M)
Batting: RHB Eric Fuller 0-0: Called Strike
0-1: Foul Ball, location: 2F
0-2: Strikes out swinging
Bottom of the 1st over - 0 run(s), 0 hit(s), 0 error(s), 0 left on base; Jasper 0 - Eau Claire 0
TOP OF THE 2ND
Jasper Cougars batting - Pitching for Eau Claire Esquires : RHP Nick Parks
Batting: LHB Enrique Valentín 0-0: SINGLE (Line Drive, 9LS)
Batting: RHB Dan Hooper 0-0: Foul Ball, location: 2F
0-1: Ball
1-1: Fly out, F9 (Flyball, 89M)
Batting: RHB Dave Parker 0-0: Ball
1-0: Called Strike
1-1: Foul Ball, location: 2F
1-2: Strikes out looking
Batting: LHB Pepe Vázquez 0-0: SINGLE (Line Drive, 6MD)
Enrique Valentín to second
Batting: RHB Greg King 0-0: Called Strike
0-1: Foul Ball, location: 2F
0-2: Ball
1-2: Ball
2-2: Strikes out looking
Top of the 2nd over - 0 run(s), 2 hit(s), 0 error(s), 2 left on base; Jasper 0 - Eau Claire 0
BOTTOM OF THE 2ND
Eau Claire Esquires batting - Pitching for Jasper Cougars : LHP Lorenzo Sánchez
Now at 2B: Juan Vázquez
Batting: RHB Carlos Rea 0-0: Ball
1-0: Called Strike
1-1: Ball
2-1: DOUBLE (Line Drive, 9LM)
Batting: LHB Dave Gray 0-0: Ball
1-0: Foul Ball, location: 2F
1-1: Ball
2-1: Fly out, F7 (Flyball, 7LM)
Batting: RHB José Ruíz 0-0: Ball
1-0: Ground out 3-1 (Groundball, 34S)
Carlos Rea to third
Batting: LHB Jorge Fernández 0-0: Ball
1-0: Ball
2-0: Ground out 4-3 (Groundball, 4M)
Bottom of the 2nd over - 0 run(s), 1 hit(s), 0 error(s), 1 left on base; Jasper 0 - Eau Claire 0
TOP OF THE 3RD
Jasper Cougars batting - Pitching for Eau Claire Esquires : RHP Nick Parks
Batting: LHB Jon Scott 0-0: Called Strike
0-1: Ball
1-1: Swinging Strike
1-2: Ball
2-2: Strikes out swinging
Batting: RHB Manuel Pérez 0-0: Called Strike
0-1: Ground out 6-3 (Groundball, 6)
Batting: RHB Jesús Hernández 0-0: Ball
1-0: Swinging Strike
1-1: Foul Ball, location: 2F
1-2: Fly out, F7 (Flyball, 7D)
Top of the 3rd over - 0 run(s), 0 hit(s), 0 error(s), 0 left on base; Jasper 0 - Eau Claire 0
BOTTOM OF THE 3RD
Eau Claire Esquires batting - Pitching for Jasper Cougars : LHP Lorenzo Sánchez
Batting: RHB Tony Quinn 0-0: DOUBLE (Line Drive, 78M)
Batting: SHB Tim Johnson 0-0: Ball
1-0: Called Strike
1-1: Swinging Strike
1-2: Ball
2-2: Foul Ball, location: 2F
2-2: Strikes out swinging
Batting: SHB Víctor Serrano 0-0: Called Strike
0-1: SINGLE (Groundball, 6D)
Tony Quinn to third
Runner from 3rd tries for Home, SAFE, no throw or cutoff
Batting: LHB Michael Cook 0-0: Ball
1-0: Grounds into double play, 4-6-3 (Groundball, 4)
Bottom of the 3rd over - 1 run(s), 2 hit(s), 0 error(s), 0 left on base; Jasper 0 - Eau Claire 1
TOP OF THE 4TH
Jasper Cougars batting - Pitching for Eau Claire Esquires : RHP Nick Parks
Batting: SHB Ron Edwards 0-0: Ball
1-0: Ball
2-0: Swinging Strike
2-1: Ball
3-1: Base on Balls
Batting: LHB Enrique Valentín 0-0: Swinging Strike
0-1: Fly out, F7 (Flyball, 78M)
Batting: RHB Dan Hooper 0-0: Swinging Strike
0-1: Swinging Strike
0-2: Foul Ball, location: 2F
0-2: Strikes out swinging
Batting: RHB Dave Parker 0-0: Called Strike
0-1: Ball
1-1: Ball
2-1: Ground out 5-3 (Groundball, 56)
Top of the 4th over - 0 run(s), 0 hit(s), 0 error(s), 1 left on base; Jasper 0 - Eau Claire 1
BOTTOM OF THE 4TH
Eau Claire Esquires batting - Pitching for Jasper Cougars : LHP Lorenzo Sánchez
Batting: RHB Eric Fuller 0-0: Ball
1-0: Ball
2-0: Foul Ball, location: 2F
2-1: SINGLE (Groundball, 13) (infield hit)
Batting: RHB Carlos Rea 0-0: Ball
1-0: Ball
2-0: Grounds into double play, 5-4-3 (Groundball, 56)
Batting: LHB Dave Gray 0-0: Called Strike
0-1: Swinging Strike
0-2: Foul Ball, location: 2F
0-2: Foul Ball, location: 2F
0-2: Strikes out swinging
Bottom of the 4th over - 0 run(s), 1 hit(s), 0 error(s), 0 left on base; Jasper 0 - Eau Claire 1
TOP OF THE 5TH
Jasper Cougars batting - Pitching for Eau Claire Esquires : RHP Nick Parks
Batting: LHB Pepe Vázquez 0-0: Swinging Strike
0-1: Called Strike
0-2: Ball
1-2: Fly out, F9 (Popup, 89S)
Batting: RHB Juan Vázquez 0-0: Fly out, F9 (Flyball, 9M)
Batting: LHB Jon Scott 0-0: Fly out, F7 (Line Drive, 7S)
Top of the 5th over - 0 run(s), 0 hit(s), 0 error(s), 0 left on base; Jasper 0 - Eau Claire 1
BOTTOM OF THE 5TH
Eau Claire Esquires batting - Pitching for Jasper Cougars : LHP Lorenzo Sánchez
Batting: RHB José Ruíz 0-0: Foul Ball, location: 2F
0-1: Foul Ball, location: 2F
0-2: Foul Ball, location: 2F
0-2: Ball
1-2: Strikes out swinging
Batting: LHB Jorge Fernández 0-0: Ball
1-0: Ball
2-0: Swinging Strike
2-1: SOLO HOME RUN (Line Drive, 89XD), Distance : 378 ft
Batting: RHB Tony Quinn 0-0: Ball
1-0: Ground out 5-3 (Groundball, 56S)
Batting: SHB Tim Johnson 0-0: SOLO HOME RUN (Line Drive, 7D), Distance : 366 ft
Batting: SHB Víctor Serrano 0-0: Ball
1-0: Ball
2-0: Ball
3-0: Called Strike
3-1: Base on Balls
Batting: LHB Michael Cook 0-0: Ball
1-0: DOUBLE (Line Drive, 9LS)
Víctor Serrano to third
Runner from 3rd tries for Home, SAFE, throw made home
Batting: RHB Eric Fuller 0-0: Foul Ball, location: 2F
0-1: Ball
1-1: Ball
2-1: Called Strike
2-2: Ball
3-2: Base on Balls
Batting: RHB Carlos Rea 0-0: Called Strike
0-1: Called Strike
0-2: Ball
1-2: Ball
2-2: Foul Ball, location: 2F
2-2: SINGLE (Groundball, 6S)
Michael Cook to third
Eric Fuller to second
Runner from 3rd tries for Home, SAFE, no throw or cutoff
Batting: LHB Dave Gray 0-0: Ball
Eric Fuller steals 3rd base
Carlos Rea to second
1-0: Ball
2-0: Foul Ball, location: 2F
2-1: Foul Ball, location: 2F
2-2: Ground out 4-3 (Groundball, 4)
Bottom of the 5th over - 4 run(s), 4 hit(s), 0 error(s), 2 left on base; Jasper 0 - Eau Claire 5
TOP OF THE 6TH
Jasper Cougars batting - Pitching for Eau Claire Esquires : RHP Nick Parks
Batting: RHB Manuel Pérez 0-0: Ground out 6-3 (Groundball, 6M)
Batting: RHB Jesús Hernández 0-0: Ball
1-0: Ball
2-0: Swinging Strike
2-1: Foul Ball, location: 2F
2-2: Strikes out looking
Batting: SHB Ron Edwards 0-0: Ball
1-0: Called Strike
1-1: Ball
2-1: Called Strike
2-2: Ground out 3-1 (Groundball, 3)
Top of the 6th over - 0 run(s), 0 hit(s), 0 error(s), 0 left on base; Jasper 0 - Eau Claire 5
BOTTOM OF THE 6TH
Eau Claire Esquires batting - Pitching for Jasper Cougars : LHP Lorenzo Sánchez
Batting: RHB José Ruíz 0-0: Ball
1-0: Swinging Strike
1-1: Swinging Strike
1-2: Ball
2-2: Strikes out swinging
Batting: LHB Jorge Fernández 0-0: Ground out 5-3 (Groundball, 5)
Batting: RHB Tony Quinn 0-0: Ground out 5-3 (Groundball, 5)
Bottom of the 6th over - 0 run(s), 0 hit(s), 0 error(s), 0 left on base; Jasper 0 - Eau Claire 5
TOP OF THE 7TH
Jasper Cougars batting - Pitching for Eau Claire Esquires : RHP Nick Parks
Batting: LHB Enrique Valentín 0-0: Foul Ball, location: 2F
0-1: Swinging Strike
0-2: Ball
1-2: Ground out 1-3 (Groundball, 15S)
Batting: RHB Dan Hooper 0-0: Ball
1-0: Foul Ball, location: 2F
1-1: Ball
2-1: Foul Ball, location: 2F
2-2: Strikes out swinging
Batting: RHB Dave Parker 0-0: SINGLE (Groundball, 4M)
Batting: LHB Pepe Vázquez 0-0: Ball
1-0: Ball
2-0: Ball
3-0: Base on Balls
Dave Parker to second
Pitching: RHP Larry Farr
Batting: RHB Juan Vázquez 0-0: Fielders Choice at 2nd, U6 (Groundball, 6M)
Top of the 7th over - 0 run(s), 1 hit(s), 0 error(s), 2 left on base; Jasper 0 - Eau Claire 5
BOTTOM OF THE 7TH
Eau Claire Esquires batting - Pitching for Jasper Cougars : LHP Lorenzo Sánchez
Batting: SHB Tim Johnson 0-0: SINGLE (Line Drive, 4MD)
Pitching: RHP José Orozco
Batting: SHB Víctor Serrano 0-0: Ball
1-0: Foul Ball, location: 2F
1-1: Ball
2-1: Swinging Strike
2-2: Foul Ball, location: 2F
2-2: Strikes out swinging
Batting: LHB Michael Cook 0-0: Called Strike
0-1: Fielders Choice at 2nd, 3-6 (Groundball, 3)
Batting: RHB Eric Fuller 0-0: Called Strike
0-1: Swinging Strike
0-2: Ball
1-2: Ball
2-2: Ground out 4-3 (Groundball, 4)
Bottom of the 7th over - 0 run(s), 1 hit(s), 0 error(s), 1 left on base; Jasper 0 - Eau Claire 5
TOP OF THE 8TH
Jasper Cougars batting - Pitching for Eau Claire Esquires : RHP Larry Farr
Batting: LHB Jon Scott 0-0: Called Strike
0-1: Foul Ball, location: 2F
0-2: Ball
1-2: Foul Ball, location: 2F
1-2: Strikes out swinging
Batting: RHB Manuel Pérez 0-0: Called Strike
0-1: Ball
1-1: Foul Ball, location: 2F
1-2: Strikes out swinging
Batting: RHB Jesús Hernández 0-0: Called Strike
0-1: Ball
1-1: Called Strike
1-2: Ball
2-2: Ball
3-2: Strikes out swinging
Top of the 8th over - 0 run(s), 0 hit(s), 0 error(s), 0 left on base; Jasper 0 - Eau Claire 5
BOTTOM OF THE 8TH
Eau Claire Esquires batting - Pitching for Jasper Cougars : RHP José Orozco
Batting: RHB Carlos Rea 0-0: Ball
1-0: Foul Ball, location: 2F
1-1: Ball
2-1: Foul Ball, location: 2F
2-2: SINGLE (Line Drive, 3D)
Batting: LHB Dave Gray 0-0: Called Strike
0-1: Called Strike
0-2: Foul Ball, location: 2F
0-2: SINGLE (Groundball, 34S)
Carlos Rea to second
Throwing error, E9
Carlos Rea scores
Dave Gray to second
Batting: RHB José Ruíz 0-0: Ball
1-0: Ball
2-0: Called Strike
2-1: Ball
3-1: Base on Balls
Batting: LHB Jorge Fernández 0-0: Foul Ball, location: 2F
0-1: Called Strike
0-2: Strikes out swinging
Batting: RHB Tony Quinn 0-0: Ball
1-0: Swinging Strike
1-1: Foul Ball, location: 2F
1-2: SINGLE (Groundball, 23) (infield hit)
Dave Gray to third
José Ruíz to second
Batting: SHB Tim Johnson 0-0: Grounds into double play, 4-6-3 (Groundball, 34)
Bottom of the 8th over - 1 run(s), 3 hit(s), 1 error(s), 2 left on base; Jasper 0 - Eau Claire 6
TOP OF THE 9TH
Jasper Cougars batting - Pitching for Eau Claire Esquires : RHP Larry Farr
Batting: SHB Ron Edwards 0-0: Ball
1-0: Swinging Strike
1-1: Ball
2-1: Called Strike
2-2: Ball
3-2: Foul Ball, location: 2F
3-2: Base on Balls
Batting: LHB Enrique Valentín 0-0: Ball
Wild Pitch!
Ron Edwards to second
1-0: Ball
2-0: Ball
3-0: Base on Balls
Batting: RHB Dan Hooper 0-0: Ball
1-0: Called Strike
1-1: Ball
2-1: Ball
3-1: Fly out, F8 (Flyball, 78M)
Batting: RHB Dave Parker 0-0: Called Strike
0-1: Ground out 2-3 (Groundball, 15S)
Ron Edwards to third
Enrique Valentín to second
Batting: LHB Pepe Vázquez 0-0: Ball
1-0: Foul Ball, location: 2F
1-1: Fly out, F6 (Popup, 6MS)
Top of the 9th over - 0 run(s), 0 hit(s), 0 error(s), 2 left on base; Jasper 0 - Eau Claire 6
This league is powered by Out of the Park Baseball, the baseball management simulation game for PC, Mac and Linux
Wednesday, December 2nd, 2015 - OOTP Baseball 16.8 Build 38